 Dungeon Crawl Stone Soup version 0.31-a0-149-g3fdcc5976a (webtiles) character file.

Game seed: 14374648535221496299

7082 qw the Skirmisher (level 10, -3/93 HPs)
             Began as a Minotaur Hunter on June 7, 2023.
             Was a Follower of Okawaru.
             Slain by an orange demon (5 damage)
             ... led by Amaemon
             ... on level 8 of the Dungeon.
             The game lasted 00:03:47 (8404 turns).

qw the Skirmisher (Minotaur Hunter)                 Turns: 8404, Time: 00:03:48

Health: -3/93      AC:  6    Str: 23    XL:     10   Next: 84%
Magic:  11/12      EV: 18    Int:  6    God:    Okawaru [*.....]
Gold:   478        SH:  5    Dex: 17    Spells: 9/9 levels left

rFire   . . .        g - +0 orcbow
rCold   . . .        (shield currently unavailable)
rNeg    . . .        c - +0 troll leather armour
rPois   .            (helmet restricted)
rElec   .            (no cloak)
rCorr   .            (no gloves)
SInv    .            i - +0 pair of boots
Will    .....        m - amulet of reflection
Stlth   +++          b - +6 ring of strength
HPRegen 1.15/turn    (no ring)
MPRegen 0.13/turn

%: reflection
@: lethally poisoned (-3 -> -23), heroic
A: horns 2, retaliatory headbutt
a: Renounce Religion, Heroism


You were on level 8 of the Dungeon.
You worshipped Okawaru.
Okawaru was aware of your devotion.
You visited 2 branches of the dungeon, and saw 9 of its levels.
You also visited: Sewer.

You collected 478 gold pieces.


Innate Abilities, Weirdness & Mutations

You have a pair of horns on your head.
You reflexively headbutt those who attack you in melee.


   Skills:
 - Level 10.0(15.0) Fighting
 + Level 14.4(19.4) Ranged Weapons
 - Level 3.2(8.2) Armour
 - Level 6.0(11.0) Dodging
 - Level 0.7(5.7) Stealth
 - Level 4.1 Invocations


You had 9 spell levels left.
You didn't know any spells.
Your spell library was empty.

Inventory:

Hand Weapons
 g - a +0 orcbow (weapon)
Armour
 c - a +0 troll leather armour (worn)
 i - a +0 pair of boots (worn)
 j - a +0 ring mail of fire resistance
 k - a +0 cloak
Jewellery
 b - a +6 ring of strength (left hand)
 m - an amulet of reflection (around neck)
Wands
 f - a wand of digging (5)
Scrolls
 a - 2 scrolls of identify
Potions
 d - 6 potions of haste
 e - 7 potions of mutation
 h - a potion of might

Dungeon Overview and Level Annotations

Branches:
Dungeon (8/15)             Temple (1/1) D:7           Sewer (visited)
   Lair: D:8-11

Altars:
Ashenzari
Cheibriados
Dithmenos
Elyvilon
Fedhas
Gozag
Hepliaklqana
Kikubaaqudgha
Makhleb
Okawaru
Qazlal
Ru
Sif Muna
Trog
Uskayaw
Vehumet
Wu Jian
Xom
Yredelemnul
Zin
The Shining One

Shops:
D:1 [

Annotations:
D:8 Amaemon


Message History

You feel very sick. The orange demon misses you.
Amaemon gestures wildly while chanting.
You shoot an arrow. The arrow hits Amaemon!
Amaemon is moderately wounded.
You feel very sick. Amaemon closely misses you. You furiously retaliate!
You headbutt Amaemon, but do no damage. Amaemon barely misses you.
You block Amaemon's attack. The orange demon closely misses you.
You shoot an arrow. The arrow hits Amaemon!
Amaemon is moderately wounded.
You feel sick.
You shoot an arrow. The arrow completely misses Amaemon.
You feel sick. The orange demon stings you from afar.
You are more poisoned.
The orange demon poisons you! Amaemon barely misses you.
You furiously retaliate!
You headbutt Amaemon! Amaemon misses you. Amaemon barely misses you.
The scorpion stings you but does no damage.
You shoot an arrow. The arrow closely misses Amaemon.
You feel very sick. The scorpion stings you. You block the scorpion's attack.
The orange demon stings you from afar.
Amaemon zaps a wand.
You easily resist.
You shoot an arrow. The arrow hits Amaemon.
Amaemon is heavily wounded.
You feel very sick. The scorpion misses you. The scorpion barely misses you.
The orange demon stings you from afar!
You are lethally poisoned!
The orange demon poisons you!
Amaemon casts a spell at the scorpion.
The scorpion seems to grow toxic.
You shoot an arrow. The arrow barely misses Amaemon.
You feel very sick. You block the scorpion's attack.
The scorpion completely misses you.
You shoot an arrow. The arrow hits Amaemon.
Amaemon is heavily wounded.
You feel extremely sick. The orange demon stings you from afar.
You die...

...#.....# #..#...
##.#.....#. '.. #...
####...).#.. .. #...
.........#... .. #...
#####....#...##'########
#... #
#....#..............
#~~~ #
#....#..............
.¤¤)) #
#....#....4s6s).....
..¤.00 #
#....#######@#######
..¤.~0 #
#....).....)........
..~.~~ #
#..........)........
.~~~.
##############....#.####
...~~. ....# #.####.#
....# #.. . .>..# #... #
....# ..... ....# .....#


You could see Amaemon, an orange demon and 2 scorpions.

Vanquished Creatures
  A two-headed ogre (D:6)
  Pikel (D:8)
  Maurice (D:8)
  A troll (D:7)
  Grinder (D:5)
  A shadow (D:8)
  A yak (D:6)
  3 wyverns
  A vampire mosquito (D:7)
  Edmund (D:6)
  5 water moccasins
  Duvessa (D:3)
  2 black bears
  2 orc warriors
  A sky beast (D:7)
  7 ice beasts
  4 centaurs
  An ogre (D:7)
  4 lemures (D:8)
  3 kobold brigands
  2 phantoms
  3 scorpions
  2 bullfrogs
  3 gnoll sergeants
  2 wights
  Dowan (D:3)
  2 killer bees (D:8)
  A howler monkey (D:4)
  An electric eel (D:7)
  6 hounds
  3 orc priests
  3 jellies
  4 iguanas
  2 sleepcaps
  9 orc wizards
  4 gnolls (D:3)
  12 adders
  A shadow imp (D:7)
  2 white imps
  An ufetubus (D:7)
  2 worms
  5 dart slugs
  21 orcs
  12 ball pythons
  11 endoplasms
  2 giant cockroaches
  7 goblins
  5 hobgoblins
  10 jackals
  5 quokkas
  7 bats
  3 frilled lizards
  21 kobolds
  4 rats
221 creatures vanquished.

Vanquished Creatures (others)
  2 bullfrogs (D:8)
  2 kobold brigands (D:8)
  A wight (D:8)
5 creatures vanquished.

Grand Total: 226 creatures vanquished

Notes
Turn   | Place    | Note
-------+----------+-------------------------------------------
     0 | D:1      | qw the Minotaur Hunter began the quest for the Orb.
     0 | D:1      | Reached XP level 1. HP: 18/18 MP: 0/0
     0 | D:1      | 0 ||| qw: Version: 0.2-a-117-gc6b5c8b
     0 | D:1      | 0 ||| qw: Game counter: 2574
     0 | D:1      | 0 ||| qw: Always use a shield: true
     0 | D:1      | 0 ||| qw: God list: Okawaru
     0 | D:1      | 0 ||| qw: Allow faded altars: false
     0 | D:1      | 0 ||| qw: Do Orc after D:15 true
     0 | D:1      | 0 ||| qw: Do second Lair branch before Depths: true
     0 | D:1      | 0 ||| qw: Lair rune preference: random
     0 | D:1      | 0 ||| qw: Plans: Normal
     0 | D:1      | 0 ||| PLANNING D:1-11
   141 | D:1      | Reached XP level 2. HP: 25/25 MP: 1/1
   151 | D:1      | Reached skill level 5 in Ranged Weapons
   204 | D:1      | Found Cureul's Antique Armour Boutique.
   221 | D:1      | 221 ||| SHOPLISTING +3 robe of Clouds {*Thunder rCloud
                  | rElec} (801 gold, have 49).
   221 | D:1      | 221 ||| SHOPLISTING embroidered hat (189 gold, have 49).
   221 | D:1      | 221 ||| SHOPLISTING ring mail (108 gold, have 49).
   374 | D:1      | Reached skill level 3 in Fighting
   659 | D:1      | 659 ||| READING 2 scrolls labelled IMAEKU YNGYS.
   660 | D:1      | 660 ||| DROPPING scroll of butterflies.
   681 | D:2      | Found a shadowy altar of Dithmenos.
   704 | D:2      | Reached XP level 3. HP: 22/31 MP: 2/2
  1291 | D:2      | 1291 ||| UPGRADING to +0 pair of boots.
  1296 | D:2      | 1296 ||| READING scroll labelled CENUX UFAFF.
  1297 | D:2      | 1297 ||| READING scroll labelled OTAIPE NAICETAYC.
  1297 | D:2      | Identified a scroll of acquirement
  1297 | D:2      | 1297 ||| ACQUIRING +2 shortbow of flaming
  1297 | D:2      | Acquired a +2 shortbow of flaming
  1299 | D:2      | 1299 ||| SWAPPING to +2 shortbow of flaming.
  1300 | D:2      | 1300 ||| DROPPING +0 shortbow.
  1301 | D:2      | 1301 ||| READING scroll labelled TUPPIY MYFEH.
  1302 | D:2      | 1302 ||| READING 3 scrolls of identify.
  1302 | D:2      | 1302 ||| IDENTIFYING orange potion
  1303 | D:2      | 1303 ||| READING 2 scrolls of identify.
  1303 | D:2      | 1303 ||| IDENTIFYING bubbling grey potion
  1305 | D:2      | 1305 ||| Stepping ~*~*~tactically~*~*~ (cloud).
  1309 | D:2      | HP: 6/31 [poisoned by you (poison gas)]
  1314 | D:2      | HP: 2/31 [poisoned by you (poison gas)]
  1448 | D:3      | Found a glowing drain.
  1449 | D:3      | 1449 ||| PLANNING SEWER
  1449 | D:3      | 1449 ||| STAIRDANCE
  1487 | D:3      | 1487 ||| STAIRDANCE
  1576 | D:3      | 1576 ||| STAIRDANCE
  1580 | D:3      | 1580 ||| STAIRDANCE
  1584 | D:3      | 1584 ||| STAIRDANCE
  1603 | Sewer    | Entered a sewer
  1650 | Sewer    | Reached XP level 4. HP: 38/38 MP: 3/3
  1679 | Sewer    | Noticed a kobold brigand
  1687 | Sewer    | Reached skill level 6 in Ranged Weapons
  1687 | Sewer    | Killed a kobold brigand
  1688 | Sewer    | Reached skill level 3 in Armour
  1688 | Sewer    | Reached XP level 5. HP: 16/45 MP: 4/4
  1836 | Sewer    | 1836 ||| Stepping ~*~*~tactically~*~*~ (water).
  1962 | Sewer    | 1962 ||| DRINKING 2 white potions.
  1963 | Sewer    | 1963 ||| DRINKING 2 sedimented red potions.
  1964 | Sewer    | 1964 ||| READING 2 scrolls of identify.
  1964 | Sewer    | 1964 ||| IDENTIFYING fizzy clear potion
  1965 | Sewer    | 1965 ||| DROPPING potion of invisibility.
  1966 | Sewer    | 1966 ||| DROPPING potion of brilliance.
  1967 | Sewer    | 1967 ||| DROPPING potion of magic.
  1982 | D:3      | 1982 ||| PLANNING D:1-11
  2032 | D:3      | Reached XP level 6. HP: 53/53 MP: 5/5
  2366 | D:3      | 2366 ||| UPGRADING to +6 ring of strength.
  2367 | D:3      | 2367 ||| READING 2 scrolls labelled TONAHU ROMMEGE.
  2371 | D:3      | 2371 ||| READING scroll labelled BEURAG UNI OKK.
  2372 | D:3      | 2372 ||| DRINKING 2 sapphire potions.
  2439 | D:4      | Reached skill level 7 in Ranged Weapons
  2585 | D:4      | Found a broken altar of Ashenzari.
  2676 | D:4      | Noticed Duvessa
  2677 | D:4      | 2677 ||| FLEEEEING.
  2678 | D:4      | 2678 ||| FLEEEEING.
  2681 | D:4      | 2681 ||| FLEEEEING.
  2682 | D:4      | 2682 ||| FLEEEEING.
  2683 | D:4      | 2683 ||| FLEEEEING.
  2684 | D:4      | 2684 ||| FLEEEEING.
  2685 | D:4      | 2685 ||| FLEEEEING.
  2686 | D:4      | 2686 ||| FLEEEEING.
  2687 | D:4      | 2687 ||| STAIRDANCE
  2756 | D:3      | 2756 ||| UPGRADING to +0 ring mail of fire resistance.
  2766 | D:3      | 2766 ||| DROPPING +0 leather armour.
  2767 | D:3      | 2767 ||| DRINKING 2 yellow potions.
  2768 | D:3      | 2768 ||| READING 2 scrolls of identify.
  2768 | D:3      | 2768 ||| IDENTIFYING viscous brown potion
  2769 | D:3      | 2769 ||| DROPPING potion of attraction.
  2770 | D:3      | 2770 ||| DROPPING potion of ambrosia.
  2773 | D:4      | 2773 ||| STAIRDANCE
  2798 | D:4      | Noticed Dowan
  2799 | D:4      | 2799 ||| STAIRDANCE
  2838 | D:4      | 2838 ||| STAIRDANCE
  2891 | D:4      | 2891 ||| STAIRDANCE
  2929 | D:4      | 2929 ||| STAIRDANCE
  2975 | D:4      | 2975 ||| STAIRDANCE
  2977 | D:3      | Killed Duvessa
  2978 | D:3      | Reached skill level 8 in Ranged Weapons
  2978 | D:3      | Reached XP level 7. HP: 39/60 MP: 6/6
  2979 | D:3      | Killed Dowan
  3410 | D:4      | 3410 ||| READING 2 scrolls of identify.
  3410 | D:4      | 3410 ||| IDENTIFYING blue potion
  3411 | D:4      | 3411 ||| DROPPING potion of degeneration.
  3431 | D:5      | Entered Level 5 of the Dungeon
  3545 | D:5      | Reached skill level 3 in Dodging
  3765 | D:5      | 3765 ||| FLEEEEING.
  3766 | D:5      | 3766 ||| FLEEEEING.
  3768 | D:5      | 3768 ||| FLEEEEING.
  3769 | D:5      | 3769 ||| FLEEEEING.
  3770 | D:5      | 3770 ||| FLEEEEING.
  3771 | D:5      | 3771 ||| FLEEEEING.
  3772 | D:5      | 3772 ||| FLEEEEING.
  3774 | D:5      | 3774 ||| FLEEEEING.
  3775 | D:5      | 3775 ||| FLEEEEING.
  3776 | D:5      | 3776 ||| FLEEEEING.
  3777 | D:5      | 3777 ||| FLEEEEING.
  3778 | D:5      | 3778 ||| FLEEEEING.
  3779 | D:5      | 3779 ||| FLEEEEING.
  3781 | D:5      | 3781 ||| FLEEEEING.
  3782 | D:5      | 3782 ||| FLEEEEING.
  3783 | D:5      | 3783 ||| FLEEEEING.
  3784 | D:5      | 3784 ||| FLEEEEING.
  3785 | D:5      | 3785 ||| FLEEEEING.
  3787 | D:5      | 3787 ||| FLEEEEING.
  3870 | D:5      | Reached skill level 9 in Ranged Weapons
  3957 | D:5      | Noticed Grinder
  3971 | D:5      | Killed Grinder
  3972 | D:5      | Reached skill level 6 in Fighting
  3972 | D:5      | Reached XP level 8. HP: 20/71 MP: 7/7
  4525 | D:5      | 4525 ||| UPGRADING to amulet of reflection.
  4530 | D:5      | 4530 ||| READING scroll labelled IXKICK VOQUAZI.
  4531 | D:5      | 4531 ||| READING scroll labelled ZOVYRO TOWACW.
  4641 | D:5      | 4641 ||| READING scroll labelled MAMPE VI IXT.
  4642 | D:5      | 4642 ||| READING scroll labelled YDAWI HUTIFF.
  4643 | D:5      | 4643 ||| READING 3 scrolls of identify.
  4643 | D:5      | 4643 ||| IDENTIFYING fizzy purple potion
  4644 | D:5      | 4644 ||| DROPPING potion of lignification.
  4771 | D:6      | Reached skill level 10 in Ranged Weapons
  5009 | D:6      | Noticed a two-headed ogre
  5010 | D:6      | 5010 ||| Stepping ~*~*~tactically~*~*~ (outnumbered).
  5015 | D:6      | HP: 18/73 [gnoll sergeant/+0 trident (10)]
  5016 | D:6      | 5016 ||| READING scroll of teleportation.
  5017 | D:6      | 5017 ||| DRINKING potion of heal wounds.
  5017 | D:6      | HP: 4/73 [gnoll sergeant/+0 trident (11)]
  5253 | D:6      | Reached skill level 11 in Ranged Weapons
  5349 | D:6      | Reached XP level 9. HP: 69/79 MP: 8/8
  5388 | D:6      | Killed a two-headed ogre
  5389 | D:6      | Reached skill level 12 in Ranged Weapons
  5484 | D:6      | Noticed Edmund
  5504 | D:6      | HP: 18/81 [Edmund/+3 flail of holy wrath (10)]
  5506 | D:6      | Killed Edmund
  5517 | D:6      | 5517 ||| FLEEEEING.
  6094 | D:6      | 6094 ||| READING scroll labelled JYOBOO XABACW.
  6162 | D:7      | Noticed a troll
  6171 | D:7      | Killed a troll
  6325 | D:7      | Reached skill level 13 in Ranged Weapons
  6341 | D:7      | Found a shimmering blue altar of Sif Muna.
  6345 | D:7      | Found a hide-covered altar of Uskayaw.
  6351 | D:7      | 6351 ||| FLEEEEING.
  6352 | D:7      | 6352 ||| FLEEEEING.
  6355 | D:7      | 6355 ||| FLEEEEING.
  6356 | D:7      | 6356 ||| FLEEEEING.
  6545 | D:7      | Found a staircase to the Ecumenical Temple.
  6546 | D:7      | 6546 ||| PLANNING TEMPLE
  6546 | D:7      | 6546 ||| UPGRADING to +0 troll leather armour.
  6566 | Temple   | Entered the Ecumenical Temple
  6596 | Temple   | 6596 ||| PLANNING OKAWARU WORSHIP
  6773 | Temple   | Became a worshipper of Warmaster Okawaru
  6773 | Temple   | 6773 ||| PLANNING D:1-11
  6946 | D:7      | 6946 ||| Stepping ~*~*~tactically~*~*~ (outnumbered).
  6952 | D:7      | Reached skill level 9 in Fighting
  6952 | D:7      | Reached XP level 10. HP: 91/91 MP: 9/9
  7031 | D:7      | 7031 ||| FLEEEEING.
  7032 | D:7      | 7032 ||| FLEEEEING.
  7033 | D:7      | 7033 ||| FLEEEEING.
  7052 | D:7      | Reached skill level 6 in Dodging
  7277 | D:7      | HP: 20/91 [ice beast (14)]
  7278 | D:7      | 7278 ||| READING scroll of teleportation.
  7281 | D:7      | HP: 9/91 [ice beast (12)]
  7568 | D:7      | 7568 ||| SWAPPING to +0 orcbow.
  7569 | D:7      | 7569 ||| DROPPING +2 shortbow of chaos.
  7594 | D:7      | Reached * piety under Okawaru
  7771 | D:7      | 7771 ||| READING 4 scrolls of identify.
  7771 | D:7      | 7771 ||| IDENTIFYING fuming pink potion
  7772 | D:7      | 7772 ||| READING 3 scrolls of identify.
  7772 | D:7      | 7772 ||| IDENTIFYING fuming puce potion
  7773 | D:7      | 7773 ||| READING 2 scrolls of identify.
  7773 | D:7      | 7773 ||| IDENTIFYING brown potion
  7774 | D:7      | 7774 ||| DROPPING potion of berserk rage.
  7785 | D:8      | Found a shimmering altar of Xom.
  7788 | D:8      | 7788 ||| INVOKING Heroism.
  7798 | D:8      | Reached skill level 1 in Invocations
  7802 | D:8      | 7802 ||| INVOKING Heroism.
  7833 | D:8      | Found a snail-covered altar of Cheibriados.
  7849 | D:8      | Reached skill level 14 in Ranged Weapons
  7954 | D:8      | 7954 ||| Stepping ~*~*~tactically~*~*~ (outnumbered).
  7956 | D:8      | 7956 ||| Stepping ~*~*~tactically~*~*~ (outnumbered).
  7958 | D:8      | 7958 ||| DRINKING potion of curing.
  7958 | D:8      | 7958 ||| (to cure confusion)
  7959 | D:8      | 7959 ||| Stepping ~*~*~tactically~*~*~ (outnumbered).
  7964 | D:8      | 7964 ||| Stepping ~*~*~tactically~*~*~ (outnumbered).
  7971 | D:8      | 7971 ||| INVOKING Heroism.
  8175 | D:8      | Noticed Maurice
  8193 | D:8      | Killed Maurice
  8194 | D:8      | Reached skill level 3 in Invocations
  8267 | D:8      | Noticed Pikel
  8287 | D:8      | 8287 ||| INVOKING Heroism.
  8300 | D:8      | Killed Pikel
  8370 | D:8      | 8370 ||| Stepping ~*~*~tactically~*~*~ (outnumbered).
  8386 | D:8      | Noticed an orange demon
  8389 | D:8      | Noticed Amaemon
  8390 | D:8      | 8390 ||| INVOKING Heroism.
  8402 | D:8      | HP: 13/93 [orange demon[Amaemon] (11)]
  8404 | D:8      | HP: 2/93 [poisoned by an orange demon]
  8404 | D:8      | Slain by an orange demon

Levels and vault maps discovered:
D:1:      dpeg_arrival_windows_large_door, layout_basic, serial_shops,
          nicolae_shop_gibbet_a_chance, hex_medium, serial_bayou_lagoon_b
D:2:      layout_loops_ring, basic_altar
D:3:      layout_rooms, cheibrodos_sewer_entry_drain
D:4:      layout_basic, nicolae_ashenzari_skybound, feat_on_display,
          uniq_duvessa
D:5:      layout_basic, uniq_grinder
D:6:      minmay_evil_eye, layout_basic, minmay_divided_ellipse, uniq_edmund
D:7:      minmay_razor_zed, layout_cave_pods, nicolae_overflow_squiral,
          minmay_temple_entry_ruins, nicolae_concentric_dashed_squares_mild
D:8:      layout_basic, lemuel_round_altar, xom_confusion_cloud, uniq_maurice,
          uniq_pikel, uniq_amaemon
Temple:   nicolae_temple_bog_church

Skill      XL: |  1  2  3  4  5  6  7  8  9 10 |
---------------+-------------------------------+-----
Ranged Weapons | 5 6 8 9 11 13 14 | 14.4
Fighting       | 3 4 6 7 9 10 | 10.0
Armour         | 3 |  3.2
Dodging        | 3 4 5 6 |  6.0
Invocations    | 4 |  4.1
Stealth        | |  0.7

Action                     |  1- 3 |  4- 6 |  7- 9 | 10-12 || total
---------------------------+-------+-------+-------+-------++-------
   Fire: Shortbow          |   103 |   142 |   292 |    56 ||   593
         Orcbow            |       |       |       |   235 ||   235
 Invoke: Heroism           |       |       |       |     5 ||     5
    Use: Scroll            |     6 |     4 |     8 |     4 ||    22
         Potion            |       |     4 |     1 |     1 ||     6
 Armour: Leather armour    |    16 |    13 |       |       ||    29
         Ring mail         |       |     3 |    29 |       ||    32
         Troll leather arm |       |       |     1 |    21 ||    22
  Dodge: Dodged            |    39 |    48 |    59 |   107 ||   253
  Block: Other             |       |       |    22 |    25 ||    47
         Reflection        |       |       |       |     2 ||     2

Table legend:
 A = Non-vault XP
 B = Vault XP
 C = Vault XP percentage of total XP
 D = Non-vault monster count
 E = Vault monster count
 F = Vault count percentage of total count
                 A         B        C        D         E       F
            +---------+---------+-------+---------+---------+-------
      Total |    4789 |    5329 |  52.7 |     152 |      66 |  30.3
            +---------+---------+-------+---------+---------+-------
        D:1 |      39 |       0 |   0.0 |      23 |       0 |   0.0
        D:2 |      43 |       5 |  10.4 |      16 |       1 |   5.9
        D:3 |     150 |     212 |  58.6 |      25 |       4 |  13.8
        D:4 |     262 |       0 |   0.0 |      20 |       0 |   0.0
        D:5 |     423 |     281 |  39.9 |      18 |       1 |   5.3
        D:6 |     748 |    2148 |  74.2 |      11 |      18 |  62.1
        D:7 |    1628 |     910 |  35.9 |      16 |      12 |  42.9
        D:8 |    1496 |    1541 |  50.7 |      23 |      10 |  30.3
      Sewer |       0 |     232 | 100.0 |       0 |      20 | 100.0
            +---------+---------+-------+---------+---------+-------
